 Dungeon Crawl Stone Soup version 0.30-a0-587-gfd7c166f36 (webtiles) character file.

Game seed: 9736586841833236461

879 Citaku the Covered (level 7, -3/62 HPs)
             Began as a Minotaur Fighter on Jan 4, 2023.
             Shot with an arrow by a centaur (4 damage)
             ... on level 6 of the Dungeon.
             The game lasted 00:06:41 (4194 turns).

Citaku the Covered (Minotaur Fighter)               Turns: 4194, Time: 00:06:42

Health: -3/62      AC: 13    Str: 23    XL:     7   Next: 75%
Magic:  6/6        EV:  9    Int: 11    God:
Gold:   219        SH:  4    Dex:  9    Spells: 6/6 levels left

rFire   + . .      SeeInvis .    a - +0 war axe
rCold   + . .      Faith    .    c - +0 buckler
rNeg    . . .      Spirit   .    b - +0 scale mail
rPois   +          Reflect  .    (helmet restricted)
rElec   .          Harm     .    z - +1 cloak of Baefey {rPois rC+}
rCorr   .          Rampage  .    r - +0 pair of gloves
Will    .....                    h - +0 pair of boots Stlth
                                 (no amulet)
HPRegen 0.30/turn                m - +6 ring of intelligence
MPRegen 0.10/turn                y - ring of protection from fire

@: no status effects
A: horns 2, retaliatory headbutt
a: no special abilities


You were on level 6 of the Dungeon.
You visited 1 branch of the dungeon, and saw 6 of its levels.

You collected 219 gold pieces.

Inventory:

Hand Weapons
 a - a +0 war axe (weapon)
Armour
 b - a +0 scale mail (worn)
 c - a +0 buckler (worn)
 h - a +0 pair of boots (worn)
 r - a +0 pair of gloves (worn)
 z - the +1 cloak of Baefey (worn) {rPois rC+}
   (You found it on level 5 of the Dungeon)

   rC:        It protects you from cold.
   rPois:     It protects you from poison.
Jewellery
 m - a +6 ring of intelligence (left hand)
 y - a ring of protection from fire (right hand)
 A - a ring of positive energy
Wands
 w - a wand of polymorph (7)
Scrolls
 e - 3 scrolls of identify {unknown}
 f - 4 scrolls of teleportation
 g - a scroll of fear {unknown}
 k - a scroll of immolation {unknown}
 l - a scroll of poison {unknown}
 n - a scroll of enchant weapon {unknown}
 p - a scroll of amnesia {unknown}
 t - a scroll of summoning {unknown}
 u - 4 scrolls of blinking {unknown}
 v - a scroll of magic mapping {unknown}
 x - 2 scrolls of vulnerability {unknown}
 B - a scroll of noise {unknown}
Potions
 d - a potion of lignification {unknown}
 i - a potion of curing
 j - a potion of magic {unknown}
 o - a potion of flight {unknown}
 q - a potion of haste {unknown}
 s - 3 potions of attraction {unknown}


   Skills:
 + Level 5.9 Fighting
 * Level 7.1 Axes
 * Level 7.6 Armour
 - Level 3.6 Shields


You had 6 spell levels left.
You didn't know any spells.
Your spell library contained the following spells:

 Spells                   Type           Power      Damage    Failure   Level
 Animate Dead             Necr           0%         N/A       100%        4
 Haunt                    Necr/Summ      0%         N/A       100%        7
 Infestation              Necr           0%         N/A       100%        8


Dungeon Overview and Level Annotations

Branches:
Dungeon (6/15)             Temple (0/1) D:4

Altars:
Ashenzari

Shops:
D:3 (


Innate Abilities, Weirdness & Mutations

You have a pair of horns on your head.
You reflexively headbutt those who attack you in melee.


Message History

The sky beast hits you but does no damage.
The centaur shoots an arrow.
The arrow hits you but does no damage.
You hit the sky beast but do no damage. Your headbutt misses the sky beast.
The sky beast is heavily wounded.
You barely miss the ice beast.
The centaur shoots an arrow.
The arrow barely misses you. The ice beast hits you. The ice beast freezes you.
You resist. The sky beast hits you. The sky beast shocks you.
* * * LOW HITPOINT WARNING * * *
Okay, then.
It was a potion of curing.
You feel better.
The centaur shoots an arrow.
The arrow hits you!
* * * LOW HITPOINT WARNING * * *
The ice beast barely misses you.
The sky beast hits you but does no damage.
The centaur shoots an arrow.
The arrow barely misses you.
You barely miss the ice beast.
The ice beast is heavily wounded.
You barely miss the sky beast. The ice beast barely misses you.
The sky beast hits you but does no damage.
The centaur shoots an arrow.
The arrow hits you.
* * * LOW HITPOINT WARNING * * *
You slash the ice beast! Your headbutt misses the ice beast.
The ice beast is almost dead.
You barely miss the sky beast.
The centaur shoots an arrow.
The arrow hits you.
* * * LOW HITPOINT WARNING * * *
The ice beast hits you but does no damage.
The sky beast barely misses you.
The centaur shoots an arrow.
The arrow hits you.
* * * LOW HITPOINT WARNING * * *
The ice beast barely misses you.
The sky beast hits you but does no damage.
You hit the ice beast.
You kill the ice beast!
You hit the sky beast but do no damage.
The centaur shoots an arrow.
The arrow misses you. The sky beast hits you.
* * * LOW HITPOINT WARNING * * *
The sky beast shocks you.
* * * LOW HITPOINT WARNING * * *
The centaur shoots an arrow.
The arrow hits you.
You die...

.. #. ##.# .#
...##.##
##......####
##....#......#
##..........#..
#....)@Y......#
##.....).......#
......)........#
###..........#.
##........##
####..c.##
#.##..... #.#
..### #.# ..#


You could see a sky beast and a centaur.

Vanquished Creatures
  2 water moccasins
  2 ice beasts (D:6)
  A gnoll bouda (D:4)
  4 hounds
  4 orc priests
  Jessica (D:2)
  An orc wizard (D:4)
  11 gnolls (D:4)
  4 adders
  A white imp (D:5)
  3 worms
  3 dart slugs (D:2)
  14 orcs
  10 endoplasms
  4 giant cockroaches
  7 goblins
  9 hobgoblins
  2 jackals (D:4)
  2 quokkas
  A ball python (D:3)
  6 bats
  3 frilled lizards
  3 kobolds
  2 rats
100 creatures vanquished.

Vanquished Creatures (others)
  2 fungi (D:2)
  2 plants (D:2)
4 creatures vanquished.

Grand Total: 104 creatures vanquished

Notes
Turn   | Place    | Note
-------+----------+-------------------------------------------
     0 | D:1      | Citaku the Minotaur Fighter began the quest for the Orb.
     0 | D:1      | Reached XP level 1. HP: 19/19 MP: 0/0
   173 | D:1      | Reached XP level 2. HP: 27/27 MP: 1/1
   696 | D:2      | Reached XP level 3. HP: 33/33 MP: 2/2
   801 | D:2      | Found a faded altar of an unknown god.
   828 | D:2      | Noticed Jessica
   834 | D:2      | Killed Jessica
   835 | D:2      | Reached XP level 4. HP: 39/40 MP: 3/3
  1378 | D:3      | Reached skill level 5 in Armour
  1612 | D:3      | Found Fyro's Weapon Boutique.
  2231 | D:4      | Reached XP level 5. HP: 31/47 MP: 4/4
  2294 | D:4      | Identified the +8 quarterstaff "Anwot" {speed, Str+4 Dex+4}
  2466 | D:4      | Reached skill level 5 in Axes
  2718 | D:4      | Found a staircase to the Ecumenical Temple.
  2741 | D:4      | Reached XP level 6. HP: 49/55 MP: 5/5
  2748 | D:4      | Reached skill level 5 in Fighting
  3435 | D:5      | Entered Level 5 of the Dungeon
  3504 | D:5      | Noticed a water moccasin
  3512 | D:5      | Killed a water moccasin
  3513 | D:5      | Reached XP level 7. HP: 52/61 MP: 6/6
  3643 | D:5      | Identified the +1 cloak of Baefey {rPois rC+}
  3715 | D:5      | Found a broken altar of Ashenzari.
  4194 | D:6      | HP: 1/62 [sky beast (6)]
  4194 | D:6      | Shot with an arrow by a centaur

Illustrated notes

Levels and vault maps discovered:
D:1:      wander_arrival_peaceful_grave, layout_basic, serial_glass,
          glass_columns_a, glass_columns_a, minmay_pentomino_u2
D:2:      layout_rooms, dreamdust_ecumenical_altar_grove, kennysheep_path_1,
          uniq_jessica
D:3:      layout_basic, serial_shops, nicolae_lakefront_shop
D:4:      layout_cave_pods, minmay_temple_entry_butterflies,
          hangedman_decor_slide_cut, mrwooster_statue_mirror
D:5:      layout_gridville, ashenzari_conservatory_becter
D:6:      layout_rooms, nicolae_wu_jian_wuxing_cycle, uniq_duvessa, uniq_maggie

Skill      XL: |  1  2  3  4  5  6  7 |
---------------+----------------------+-----
Armour         | 4 5 6 7 |  7.6
Axes           | 3 4 5 6 7 |  7.1
Fighting       | 4 5 |  5.9
Shields        | |  3.6

Action                   |  1- 3 |  4- 6 |  7- 9 || total
-------------------------+-------+-------+-------++-------
Melee: War axe           |    55 |   107 |    31 ||   193
       Headbutt          |     8 |    12 |     6 ||    26
  Use: Potion            |       |     1 |     1 ||     2
       Scroll            |       |       |     1 ||     1
Armor: Scale mail        |    43 |    63 |    28 ||   134
Dodge: Dodged            |    31 |    62 |    29 ||   122
Block: Buckler           |    19 |    41 |     7 ||    67

Table legend: (Time is in decaauts)
 A = Elapsed time spent in this place.
 B = Non-inter-level travel time spent in this place.
 C = Inter-level travel time spent in this place.
 D = Time resting spent in this place.
 E = Time spent auto-exploring this place.
 F = Levels seen in this place.
 G = Mean time per level.
                   A        B        C        D        E       F      G
               +--------+--------+--------+--------+--------+-----+--------+
         Total |   4257 |   4257 |      0 |      0 |   3250 |   6 |  709.5 |
       Dungeon |   4257 |   4257 |      0 |      0 |   3250 |   6 |  709.5 |
               +--------+--------+--------+--------+--------+-----+--------+

Top non-repeatable levels by time:
     D:4: 1230 daAuts
     D:3: 945 daAuts
     D:5: 712 daAuts
     D:1: 678 daAuts
     D:2: 638 daAuts
     D:6: 53 daAuts
